 Dungeon Crawl Stone Soup version 0.28-a0-674-gdaf460b524 (webtiles) character file.

Game seed: 9462631675511610588

2141 Irenicus the Geomancer (level 9, -8/75 HPs)
             Began as a Deep Dwarf Earth Elementalist on Oct 17, 2021.
             Mangled by a boulder beetle (10 damage)
             ... on level 6 of the Dungeon.
             The game lasted 00:22:46 (3006 turns).

Irenicus the Geomancer (DDEE)                       Turns: 3006, Time: 00:22:47

Health: -8/75      AC:  3    Str: 15    XL:     9   Next: 9%
Magic:  3/15       EV: 12    Int: 19    God:
Gold:   217        SH:  0    Dex: 19    Spells: 10/16 levels left

rFire   . . .      SeeInvis .   n - +5 spear of Uridu {vamp, Str+3}
rCold   . . .      Faith    .   (no shield)
rNeg    . . .      Spirit   .   a - +0 leather armour
rPois   .          Reflect  .   (no helmet)
rElec   .          Harm     .   (no cloak)
rCorr   .          Rampage  .   (no gloves)
Will    +....                   (no boots)
Stlth   ++........              (no amulet)
HPRegen 0.00/turn               D - +6 ring of dexterity
MPRegen 0.14/turn               (no ring)

@: flying, studying Hexes
A: damage resistance, heal wounds, sense surroundings 2, no regeneration
a: Heal Wounds


You were on level 6 of the Dungeon.
You visited 1 branch of the dungeon, and saw 6 of its levels.
You also visited: Sewer.

You collected 217 gold pieces.


Innate Abilities, Weirdness & Mutations

You are resistant to damage.
You can heal yourself by infusing magical energy.
You passively map the area around you.
You do not regenerate.


   Skills:
 - Level 3.1 Fighting
 - Level 2.1 Dodging
 - Level 2.4 Stealth
 + Level 4.1 Spellcasting
 - Level 0.8 Transmutations
 + Level 14.0 Earth Magic


You had 10 spell levels left.
You knew the following spells:

 Your Spells              Type           Power      Damage    Failure   Level
t - Stone Arrow           Conj/Erth      60%        3d10      2%          3
w - Passwall              Tmut/Erth      26%        N/A       1%          2
z - Sandblast             Erth           100%       2d20      1%          1

Your spell library contained the following spells:

 Spells                   Type           Power      Damage    Failure   Level
 Petrify                  Tmut/Erth      32%        N/A       8%          4
 Magic Dart               Conj           12%        1d3       17%         1
 Summon Small Mammal      Summ           12%        N/A       17%         1
 Call Imp                 Summ           3%         N/A       26%         2
 Ignite Poison            Fire/Tmut/Pois 5%         N/A       41%         3
 Call Canine Familiar     Summ           3%         N/A       45%         3
 Conjure Flame            Conj/Fire      3%         6-21      45%         3
 Mephitic Cloud           Conj/Pois/Air  3%         N/A       45%         3
 Summon Guardian Golem    Hex/Summ       3%         N/A       45%         3
 Sticky Flame             Conj/Fire      3%         2d3       86%         4

Inventory:

Hand Weapons
 b - a +0 dagger
 n - the +5 spear of Uridu (weapon) {vamp, Str+3}
   (You found it on level 4 of the Dungeon)

   It occasionally heals its wielder for a portion of the damage dealt when it
   wounds a living foe.
   Str:       It affects your strength (+3).
Missiles
 c - 22 poisoned darts
 f - 59 stones
 u - a throwing net {=f}
Armour
 a - a +0 leather armour (worn)
Jewellery
 D - a +6 ring of dexterity (left hand)
Scrolls
 d - 2 scrolls of magic mapping {unknown}
 e - 4 scrolls of enchant weapon {unknown}
 g - 3 scrolls of identify {unknown}
 h - a scroll of noise {unknown}
 i - a scroll of vulnerability {unknown}
 l - 2 scrolls of amnesia {unknown}
 m - a scroll of teleportation {@r2}
 s - 2 scrolls of fog {unknown}
Potions
 j - a potion of degeneration
 k - a potion of flight
 o - a potion of haste {unknown}
 q - 3 potions of brilliance {unknown}
 r - a potion of might {unknown}
 t - a potion of curing {@q1}

Dungeon Overview and Level Annotations

Branches:
Dungeon (6/15)              Sewer (visited)
 Temple: D:4-7

Altars:
Ashenzari
Fedhas
Ru

,, #...# , , , , ,
*######...#* , , ,
, ........# .(., ,,
, ,##..#...# ...,,
#...#...##..... , ,
, * #..<...........
, , ,
#.#####.####..... ,
#................ ,
*########..@.######
* * ,
.......(.B........
,,
#########....###.#
* , #...[#, * *
#....# ,, *,......#
, #.........
#......#...
#......#.##.# *


You could see a boulder beetle.


Message History

* * * LOW HITPOINT WARNING * * *
Use which ability? (? or * to list)
You feel much better. The necrophage hits you.
* * * LOW HITPOINT WARNING * * *
The shadow imp closely misses you. The boulder beetle closely misses you.
Casting: Sandblast (safe; 1% risk of failure)
Confirm with . or Enter, or press ? or * to list all spells.
Aiming: Sandblast (safe; 1% risk of failure)
Press: ? - help, Shift-Dir - straight line, f - necrophage, p - shadow imp
Aim: a necrophage (almost destroyed, 84% to hit)
The blast of sand hits the necrophage!
You destroy the necrophage!
The shadow imp hits you.
* * * LOW HITPOINT WARNING * * *
The boulder beetle bites you.
* * * LOW HITPOINT WARNING * * *
Your Earth Magic skill increases to level 14!
Casting: Sandblast (safe; 1% risk of failure)
Confirm with . or Enter, or press ? or * to list all spells.
Aiming: Sandblast (safe; 1% risk of failure)
Press: ? - help, Shift-Dir - straight line, f - shadow imp
Aim: a shadow imp (82% to hit)
The blast of sand hits the shadow imp!!
You kill the shadow imp!
The boulder beetle bites you!
* * * LOW HITPOINT WARNING * * *
It was a potion of flight.
You feel very buoyant.
You fly up into the air.
The boulder beetle bites you!
You die...

Skill      XL: |  1  2  3  4  5  6  7  8  9 |
---------------+----------------------------+-----
Earth Magic    | 5 6 7 8 10 12 13 14 | 14.0
Fighting       | 1 3 |  3.1
Spellcasting   | 4 |  4.1
Dodging        | |  2.1
Stealth        | |  2.4
Transmutations | |  0.8

Action                   |  1- 3 |  4- 6 |  7- 9 || total
-------------------------+-------+-------+-------++-------
Melee: Unarmed           |    27 |       |       ||    27
       Dagger            |    45 |    17 |       ||    62
       Spear             |       |    34 |   215 ||   249
Throw: Dart              |       |     1 |       ||     1
 Cast: Sandblast         |    48 |    33 |    55 ||   136
       Passwall          |     7 |     2 |     7 ||    16
       Stone Arrow       |       |     4 |    20 ||    24
 Abil: Heal Wounds       |     1 |     1 |     2 ||     4
  Use: Potion            |     1 |     1 |     4 ||     6
       Scroll            |       |     1 |       ||     1
 Stab: Invisible         |     3 |       |       ||     3
       Sleeping          |       |     2 |     5 ||     7
Armor: Robe              |     7 |       |       ||     7
       Leather armour    |    14 |    12 |    43 ||    69
Dodge: Dodged            |    61 |    42 |   173 ||   276

Levels and vault maps discovered:
D:1:      roderic_octagonal_star, layout_basic, minmay_heptomino_w4
D:2:      layout_rooms, shapermc_ecumenical_altar_starsandcircs
D:3:      layout_basic, nicolae_ru_great_annihilating_truth,
          grunt_decor_one_mirror
D:4:      layout_cave_pools, nicolae_ashenzari_panopticon
D:5:      layout_loops_ring, lemuel_round_altar, portal_sewer_entry_e,
          hangedman_decor_opposing, uniq_sigmund, uniq_eustachio
D:6:      layout_basic, mainiacjoe_overflow_alcove_4,
          nicolae_tso_carved_into_rock, uniq_crazy_yiuf_cottage

Notes
Turn   | Place    | Note
-------+----------+-------------------------------------------
     0 | D:1      | Irenicus the Deep Dwarf Earth Elementalist began the quest
                  | for the Orb.
     0 | D:1      | Reached XP level 1. HP: 15/15 MP: 3/3
    65 | D:1      | Reached XP level 2. HP: 14/22 MP: 0/4
   129 | D:1      | Reached skill level 5 in Earth Magic
   236 | D:1      | Reached XP level 3. HP: 13/28 MP: 1/5
   253 | D:1      | Learned a level 2 spell: Passwall
   567 | D:1      | Reached skill level 6 in Earth Magic
  1018 | D:2      | Reached XP level 4. HP: 36/36 MP: 6/6
  1094 | D:2      | Learned a level 3 spell: Stone Arrow
  1110 | D:2      | Found a faded altar of an unknown god.
  1242 | D:3      | Reached skill level 7 in Earth Magic
  1576 | D:3      | Found a sacrificial altar of Ru.
  1580 | D:3      | Reached XP level 5. HP: 38/42 MP: 1/7
  1672 | D:4      | Noticed a necrophage
  1679 | D:4      | Killed a necrophage
  1680 | D:4      | Reached skill level 8 in Earth Magic
  1682 | D:4      | Identified the +5 spear of Uridu {vamp, Str+3}
  1752 | D:4      | Reached XP level 6. HP: 29/49 MP: 0/8
  1756 | D:4      | Reached skill level 9 in Earth Magic
  1781 | D:4      | HP: 3/49 [orc (4)]
  1909 | D:4      | Reached skill level 10 in Earth Magic
  1925 | D:4      | Reached XP level 7. HP: 36/55 MP: 0/9
  1971 | D:4      | Reached skill level 11 in Earth Magic
  2020 | D:4      | Found a broken altar of Ashenzari.
  2123 | D:5      | Entered Level 5 of the Dungeon
  2130 | D:5      | Found a blossoming altar of Fedhas.
  2165 | D:5      | Noticed Eustachio
  2170 | D:5      | Killed Eustachio
  2171 | D:5      | Reached skill level 1 in Fighting
  2171 | D:5      | Reached skill level 12 in Earth Magic
  2185 | D:5      | Reached XP level 8. HP: 54/66 MP: 2/10
  2189 | D:5      | Reached skill level 2 in Fighting
  2256 | D:5      | Found a glowing drain.
  2261 | Sewer    | Entered a sewer
  2503 | Sewer    | Reached skill level 3 in Fighting
  2585 | D:5      | Reached skill level 2 in Spellcasting
  2691 | D:5      | Reached skill level 13 in Earth Magic
  2797 | D:5      | Noticed Sigmund
  2801 | D:5      | Killed Sigmund
  2802 | D:5      | Reached skill level 3 in Spellcasting
  2991 | D:6      | Noticed a boulder beetle
  2994 | D:6      | Reached skill level 4 in Spellcasting
  2994 | D:6      | Gained mutation: You passively map the area around you.
                  | [Deep Dwarf growth]
  2994 | D:6      | Reached XP level 9. HP: 42/75 MP: 7/15
  2996 | D:6      | HP: 3/75 [boulder beetle (15)]
  3001 | D:6      | HP: 7/75 [necrophage (1)]
  3002 | D:6      | HP: 3/75 [boulder beetle (4)]
  3005 | D:6      | Reached skill level 14 in Earth Magic
  3006 | D:6      | Mangled by a boulder beetle

Vanquished Creatures
  Sigmund (D:5)
  Eustachio (D:5)
  A water moccasin (D:6)
  An ice beast (D:5)
  3 necrophages
  3 ogres
  A phantom (D:5)
  A bullfrog (Sewer)
  A scorpion (D:4)
  3 hounds
  A jelly (D:3)
  2 gnoll shamans (D:5)
  A bullfrog skeleton (D:4)
  2 centaur skeletons
  2 iguanas (D:5)
  9 orc wizards
  11 gnolls
  13 adders
  A shadow imp (D:6)
  An ufetubus (D:5)
  A worm (D:5)
  3 dart slugs
  18 orcs
  24 ball pythons
  9 endoplasms
  12 giant cockroaches
  4 goblins
  11 hobgoblins
  7 jackals (D:1)
  8 kobolds
  17 quokkas
  3 bats
  11 frilled lizards
  6 rats
193 creatures vanquished.

Table legend: (Time is in decaauts)
 A = Elapsed time spent in this place.
 B = Non-inter-level travel time spent in this place.
 C = Inter-level travel time spent in this place.
 D = Time resting spent in this place.
 E = Time spent auto-exploring this place.
 F = Levels seen in this place.
 G = Mean time per level.
                   A        B        C        D        E       F      G
               +--------+--------+--------+--------+--------+-----+--------+
         Total |   3084 |   3000 |     84 |      0 |      0 |   7 |  440.6 |
       Dungeon |   2762 |   2678 |     84 |      0 |      0 |   6 |  460.3 |
         Sewer |    321 |    321 |      0 |      0 |      0 |   1 |  321.0 |
               +--------+--------+--------+--------+--------+-----+--------+

Top non-repeatable levels by time:
     D:1: 912 daAuts
     D:5: 609 daAuts
     D:4: 471 daAuts
     D:3: 417 daAuts
     D:2: 326 daAuts
   Sewer: 321 daAuts
     D:6: 24 daAuts

Table legend:
 A = Non-vault XP
 B = Vault XP
 C = Vault XP percentage of total XP
 D = Non-vault monster count
 E = Vault monster count
 F = Vault count percentage of total count
                 A         B        C        D         E       F
            +---------+---------+-------+---------+---------+-------
      Total |    2348 |     711 |  23.2 |     125 |      68 |  35.2
            +---------+---------+-------+---------+---------+-------
        D:1 |      70 |      13 |  15.7 |      37 |       7 |  15.9
        D:2 |      29 |       0 |   0.0 |      12 |       0 |   0.0
        D:3 |      60 |      39 |  39.4 |       3 |       4 |  57.1
        D:4 |     716 |       0 |   0.0 |      30 |       0 |   0.0
        D:5 |    1193 |     405 |  25.3 |      40 |       2 |   4.8
        D:6 |     280 |       0 |   0.0 |       3 |       0 |   0.0
      Sewer |       0 |     254 | 100.0 |       0 |      55 | 100.0
            +---------+---------+-------+---------+---------+-------
